Ducks vs Panthers

Created - 19 février 2018 at 18:11

Goals
1 2 3 T
Ducks 0 0 1 1
Panthers 0 1 1 2
Shots
1 2 3 T
Ducks 3 14 6 23
Panthers 9 12 23 44

1st period

No Goal

Penalties :
Jakub Kindl (FLA) for Roughing (Minor) at 2:59

2nd period

1. Panthers , Corey Tropp 2 (Adam McQuaid 10) at 4:44

Penalties :
No Penalty

3rd period

2. Panthers , Martin Hanzal 15 (Taylor Hall 24, Nathan Beaulieu 6) at 0:10
3. Ducks , Phillip Danault 14 (David Krejci 33, Nick Leddy 22) at 1:16

Penalties :
Rasmus Ristolainen (ANA) for Holding (Minor) at 10:11, Mike Green (ANA) for Hooking (Minor) at 16:17

Goalie Stats

Cam Ward (ANA), 42 saves from 44 shots - (0,955), L, 23-16-4, 59:46 minutes
Pekka Rinne (FLA), 22 saves from 23 shots - (0,957), W, 13-16-1, 60:00 minutes

Players Stats for Ducks

Player Name              G  A  P  +/- PIM S  H  SB GA TA FO     MP     PP MP  PK MP  
------------------------------------------------------------------------------------
Craig Smith              0  0  0   0  0   5  2  1  0  1  0/0    13:15   0:00   0:00 
David Krejci             0  1  1   1  0   2  1  0  0  0  9/12   14:07   1:02   0:07 
Deryk Engelland          0  0  0  -1  0   1  0  0  0  1  0/0    17:01   0:00   2:53 
Jack Johnson             0  0  0  -1  0   1  1  1  0  0  0/0    27:26   0:44   2:53 
Jean-Gabriel Pageau      0  0  0   1  0   0  5  3  0  1  0/1    16:42   0:57   0:59 
Jonathan Ericsson        0  0  0  -1  0   0  0  2  0  0  0/0    14:22   0:00   1:05 
Jordan Staal             0  0  0  -1  0   2  1  1  2  0  15/26  20:04   0:57   2:31 
Mike Green               0  0  0   1  2   2  4  2  0  0  0/0    20:23   1:15   0:25 
Milan Lucic              0  0  0  -1  0   4  5  0  1  0  0/0    17:37   1:02   0:00 
Nick Leddy               0  1  1   1  0   0  1  4  0  0  0/0    17:48   1:15   0:00 
Patrik Laine             0  0  0  -1  0   0  2  0  4  0  1/2    18:16   1:02   0:23 
Phillip Danault          1  0  1   1  0   3  0  0  1  1  0/1    12:58   0:00   0:00 
Rasmus Ristolainen       0  0  0  -1  2   2  1  1  1  1  0/0    24:45   0:44   0:40 
Riley Barber             0  0  0  -1  0   0  1  0  0  1  0/0     9:30   0:00   0:00 
Riley Nash               0  0  0  -1  0   0  0  0  1  1  1/4     9:30   0:00   0:00 
Tom Wilson               0  0  0   0  0   1  2  0  0  2  0/0    16:18   0:57   2:27 
Tommy Wingels            0  0  0  -1  0   0  1  2  0  0  0/0    12:16   0:00   0:59 
Trevor Lewis             0  0  0   0  0   0  0  0  0  2  1/5    13:42   0:00   0:30 

Players Stats for Panthers

Player Name              G  A  P  +/- PIM S  H  SB GA TA FO     MP     PP MP  PK MP  
------------------------------------------------------------------------------------
Adam McQuaid             0  1  1   1  0   1  0  1  0  1  0/0    19:35   0:58   1:10 
Alec Martinez            0  0  0   1  0   3  4  3  0  1  0/0    24:58   3:00   0:49 
Ales Hemsky              0  0  0   0  0   5  0  0  1  0  0/0    14:49   1:55   0:00 
Andrew Ladd              0  0  0  -1  0   3  1  1  0  0  0/0    16:11   1:55   0:25 
Corey Tropp              1  0  1   1  0   2  0  0  1  0  0/0     9:59   0:00   0:43 
Devante Smith-Pelly      0  0  0   1  0   0  1  0  0  0  0/0     9:21   0:02   0:00 
J.T. Miller              0  0  0  -1  0   7  1  1  1  2  0/3    16:26   2:01   0:00 
Jakub Kindl              0  0  0  -1  2   0  1  0  0  0  0/0    15:26   0:00   0:00 
Jay Bouwmeester          0  0  0   0  0   1  3  0  2  1  0/0    20:38   3:00   1:10 
Josh Jooris              0  0  0   0  0   0  4  0  0  0  0/0    14:07   0:02   0:40 
Kyle Brodziak            0  0  0   0  0   2  2  0  0  0  7/14   15:27   0:02   1:06 
Martin Hanzal            1  0  1   1  0   3  2  0  0  0  4/15   17:55   0:00   0:54 
Mats Zuccarello          0  0  0   1  0   5  2  1  1  2  0/1    20:08   2:01   0:00 
Nathan Beaulieu          0  1  1   2  0   4  2  0  0  0  0/0    23:35   0:58   0:29 
Patrik Nemeth            0  0  0  -1  0   1  2  0  0  2  0/0    15:47   0:00   0:20 
Ryan White               0  0  0   1  0   1  0  0  0  0  2/2     8:50   0:00   0:10 
Taylor Hall              0  1  1   1  0   4  0  0  2  1  1/1    19:02   2:01   0:00 
Tomas Plekanec           0  0  0  -1  0   2  2  0  3  0  10/15  15:46   1:55   0:00 

3 Stars

1 - Cam Ward (ANA)
2 - Martin Hanzal (FLA)
3 - Pekka Rinne (FLA)

Power Play

Ducks - 0 on 1 Attempt(s) - 0,00%
Panthers - 0 on 2 Attempt(s) - 0,00%

Penalty Kill

Ducks - 2 on 2 Attempt(s) - 100,00% - Score 0 goal in Penalty Kill
Panthers - 1 on 1 Attempt(s) - 100,00% - Score 0 goal in Penalty Kill

Team Stat

Ducks - Hits : 27 - Faceoff Wins : 27 - Blocked Shots : 17 - Penalty Minutes : 4
Panthers - Hits : 27 - Faceoff Wins : 24 - Blocked Shots : 7 - Penalty Minutes : 2

Official

Referees : Trevor Hanson and Tom Chmielewski
Linesman : Andy McElman and Vaughan Rody

Game Notes

No Game Note

Finance

Level 1 -- Attendance: 5111 (85,18%) -- Ticket Income 511 100 $
Level 2 -- Attendance: 4882 (97,64%) -- Ticket Income 292 920 $
Level 3 -- Attendance: 1955 (97,75%) -- Ticket Income 68 425 $
Level 4 -- Attendance: 3599 (89,98%) -- Ticket Income 71 980 $
Luxury Box -- Attendance: 754 (75,40%) -- Ticket Income 150 800 $
Game was played at the Sunrise Arena.
Total Attendance: 16301 (90,56%)
Total Ticket Income: 1 095 225 $
Other Income: 536 660 $
Total Income: 1 631 885 $

Ducks

5 vs 5 Forward 
   Center                   Left Wing                Right Wing               Time % Phy DF OF 
 1 Jordan Staal             Milan Lucic              Patrik Laine             40     1   2  2  
 2 David Krejci             Phillip Danault          Jean-Gabriel Pageau      30     1   2  2  
 3 Trevor Lewis             Craig Smith              Tom Wilson               20     1   2  2  
 4 Riley Nash               Tommy Wingels            Riley Barber             10     1   2  2  

5 vs 5 Defense 
   Defense                  Defense                                           Time % Phy DF OF 
 1 Rasmus Ristolainen       Jack Johnson                                      40     1   2  2  
 2 Mike Green               Nick Leddy                                        30     1   2  2  
 3 Jonathan Ericsson        Deryk Engelland                                   20     1   2  2  
 4 Rasmus Ristolainen       Jack Johnson                                      10     1   2  2  

PowerPlay Forward 
   Center                   Left Wing                Right Wing               Time % Phy DF OF 
 1 David Krejci             Milan Lucic              Patrik Laine             60     1   2  2  
 2 Jordan Staal             Jean-Gabriel Pageau      Tom Wilson               40     1   2  2  

PowerPlay Defense
   Defense                  Defense                                           Time % Phy DF OF 
 1 Mike Green               Nick Leddy                                        60     1   2  2  
 2 Rasmus Ristolainen       Jack Johnson                                      40     1   2  2  

Penalty Kill 4 Players Forward 
   Center                   Wing                     Time % Phy DF OF 
 1 Jordan Staal             Tom Wilson               60     1   2  2  
 2 Jean-Gabriel Pageau      Tommy Wingels            40     1   2  2  

Penalty Kill 4 Players Defense
   Defense                  Defense                  Time % Phy DF OF 
 1 Deryk Engelland          Jack Johnson             60     1   2  2  
 2 Jonathan Ericsson        Rasmus Ristolainen       40     1   2  2  

Penalty Kill - 3 Players Forward 
   Forward                                           Time % Phy DF OF 
 1 Jean-Gabriel Pageau                               60     1   2  2  
 2 David Krejci                                      40     1   2  2  

Penalty Kill - 3 Players Defense
   Defense                  Defense                  Time % Phy DF OF 
 1 Jack Johnson             Deryk Engelland          60     1   2  2  
 2 Nick Leddy               Jonathan Ericsson        40     1   2  2  

4 vs 4 Forward 
   Center                   Wing                     Time % Phy DF OF 
 1 Jordan Staal             Patrik Laine             60     1   2  2  
 2 David Krejci             Milan Lucic              40     1   2  2  

4 vs 4 Defense
   Defense                  Defense                  Time % Phy DF OF 
 1 Rasmus Ristolainen       Mike Green               60     1   2  2  
 2 Nick Leddy               Jonathan Ericsson        40     1   2  2  

Last Minutes Offensive
   Center                   Left Wing                Right Wing               Defense                  Defense                  
   Jordan Staal             Milan Lucic              Patrik Laine             Rasmus Ristolainen       Mike Green               

Last Minutes Defensive
   Center                   Left Wing                Right Wing               Defense                  Defense                  
   Jordan Staal             Milan Lucic              Patrik Laine             Jonathan Ericsson        Jack Johnson             

Goaltenders
Starting : Cam Ward                 
Backup : Jacob Markstrom          

Extra Forwards
Normal : Patrik Laine, Craig Smith, Trevor Lewis - PP : Milan Lucic, Craig Smith - PK : Trevor Lewis
Extra Defensemen
Normal : Jonathan Ericsson, Mike Green, Nick Leddy - PP : Jonathan Ericsson - PK : Mike Green, Nick Leddy
Penalty Shots
Jordan Staal, David Krejci, Milan Lucic, Patrik Laine, Jean-Gabriel Pageau
Custom OT Lines Forwards
Jordan Staal, David Krejci, Milan Lucic, Patrik Laine, Jean-Gabriel Pageau, Tommy Wingels, Tom Wilson, Craig Smith, Trevor Lewis, Riley Nash
Custom OT Lines Defensemen
Rasmus Ristolainen, Jack Johnson, Nick Leddy, Deryk Engelland, Jonathan Ericsson

Scratches
None

Panthers

5 vs 5 Forward 
   Center                   Left Wing                Right Wing               Time % Phy DF OF 
 1 Martin Hanzal            Taylor Hall              Mats Zuccarello          35     0   3  2  
 2 Tomas Plekanec           Andrew Ladd              J.T. Miller              28     0   4  1  
 3 Kyle Brodziak            Josh Jooris              Ales Hemsky              27     0   5  0  
 4 Ryan White               Corey Tropp              Devante Smith-Pelly      10     0   5  0  

5 vs 5 Defense 
   Defense                  Defense                                           Time % Phy DF OF 
 1 Alec Martinez            Jay Bouwmeester                                   35     0   5  0  
 2 Nathan Beaulieu          Adam McQuaid                                      30     0   5  0  
 3 Patrik Nemeth            Jakub Kindl                                       20     0   5  0  
 4 Alec Martinez            Nathan Beaulieu                                   15     1   4  0  

PowerPlay Forward 
   Center                   Left Wing                Right Wing               Time % Phy DF OF 
 1 J.T. Miller              Taylor Hall              Mats Zuccarello          60     0   0  5  
 2 Tomas Plekanec           Andrew Ladd              Ales Hemsky              40     0   0  5  

PowerPlay Defense
   Defense                  Defense                                           Time % Phy DF OF 
 1 Alec Martinez            Jay Bouwmeester                                   60     0   2  3  
 2 Nathan Beaulieu          Adam McQuaid                                      40     0   3  2  

Penalty Kill 4 Players Forward 
   Center                   Wing                     Time % Phy DF OF 
 1 Kyle Brodziak            Martin Hanzal            60     0   5  0  
 2 Josh Jooris              Corey Tropp              40     0   5  0  

Penalty Kill 4 Players Defense
   Defense                  Defense                  Time % Phy DF OF 
 1 Adam McQuaid             Jay Bouwmeester          60     0   5  0  
 2 Jakub Kindl              Alec Martinez            40     0   5  0  

Penalty Kill - 3 Players Forward 
   Forward                                           Time % Phy DF OF 
 1 Tomas Plekanec                                    60     0   5  0  
 2 Martin Hanzal                                     40     0   5  0  

Penalty Kill - 3 Players Defense
   Defense                  Defense                  Time % Phy DF OF 
 1 Nathan Beaulieu          Alec Martinez            60     0   5  0  
 2 Jakub Kindl              Adam McQuaid             40     0   5  0  

4 vs 4 Forward 
   Center                   Wing                     Time % Phy DF OF 
 1 Martin Hanzal            Mats Zuccarello          60     0   2  3  
 2 Tomas Plekanec           Taylor Hall              40     0   3  2  

4 vs 4 Defense
   Defense                  Defense                  Time % Phy DF OF 
 1 Jay Bouwmeester          Adam McQuaid             60     0   5  0  
 2 Jakub Kindl              Alec Martinez            40     0   5  0  

Last Minutes Offensive
   Center                   Left Wing                Right Wing               Defense                  Defense                  
   Tomas Plekanec           Mats Zuccarello          J.T. Miller              Jakub Kindl              Alec Martinez            

Last Minutes Defensive
   Center                   Left Wing                Right Wing               Defense                  Defense                  
   Kyle Brodziak            Mats Zuccarello          J.T. Miller              Jay Bouwmeester          Adam McQuaid             

Goaltenders
Starting : Pekka Rinne              
Backup : Carter Hutton            

Extra Forwards
Normal : Taylor Hall, Josh Jooris, Corey Tropp - PP : Taylor Hall, Josh Jooris - PK : Corey Tropp
Extra Defensemen
Normal : Jakub Kindl, Nathan Beaulieu, Patrik Nemeth - PP : Jakub Kindl - PK : Nathan Beaulieu, Patrik Nemeth
Penalty Shots
Taylor Hall, Mats Zuccarello, J.T. Miller, Tomas Plekanec, Andrew Ladd
Custom OT Lines Forwards
Taylor Hall, Mats Zuccarello, Tomas Plekanec, J.T. Miller, Andrew Ladd, Martin Hanzal, Devante Smith-Pelly, Josh Jooris, Corey Tropp, Ryan White
Custom OT Lines Defensemen
Alec Martinez, Jakub Kindl, Patrik Nemeth, Adam McQuaid, Jay Bouwmeester

Scratches
Jannik Hansen (Healthy), Matt Greene (Healthy), Matt Moulson (Healthy)

% Time on Ice - Ducks

Lines # - Real PCT - Wanted PCT - Time Play
Normal Forward
1 - 30% - 40% - 16:11
2 - 28% - 30% - 14:46
3 - 25% - 20% - 13:12
4 - 18% - 10% - 9:30
Normal Defense
1 - 39% - 40% - 20:51
2 - 32% - 30% - 17:02
3 - 24% - 20% - 12:49
4 - 5% - 10% - 2:57
PP Forward
1 - 52% - 60% - 1:02
2 - 48% - 40% - 0:57
PP Defense
1 - 63% - 60% - 1:15
2 - 37% - 40% - 0:44
PK Forward
1 - 75% - 60% - 2:59
2 - 25% - 40% - 0:59
PK Defense
1 - 73% - 60% - 2:53
2 - 27% - 40% - 1:05
PK3 Forward
1 - 0% - 60%
2 - 0% - 40%
PK3 Defense
1 - 0% - 60%
2 - 0% - 40%
44 Forward
1 - 0% - 60%
2 - 0% - 40%
44 Defense
1 - 0% - 60%
2 - 0% - 40%
Last Minute Offensive  - 0:24
Last Minute Defensive  - 0:00
Total
Forward - 60:00
Defense - 60:00

% Time on Ice - Panthers

Lines # - Real PCT - Wanted PCT - Time Play
Normal Forward
1 - 32% - 35% - 17:02
2 - 27% - 28% - 14:27
3 - 25% - 27% - 13:00
4 - 16% - 10% - 8:28
Normal Defense
1 - 31% - 35% - 16:28
2 - 30% - 30% - 15:59
3 - 29% - 20% - 15:27
4 - 10% - 15% - 5:03
PP Forward
1 - 52% - 60% - 2:03
2 - 48% - 40% - 1:55
PP Defense
1 - 76% - 60% - 3:00
2 - 24% - 40% - 0:58
PK Forward
1 - 66% - 60% - 1:19
2 - 34% - 40% - 0:40
PK Defense
1 - 59% - 60% - 1:10
2 - 41% - 40% - 0:49
PK3 Forward
1 - 0% - 60%
2 - 0% - 40%
PK3 Defense
1 - 0% - 60%
2 - 0% - 40%
44 Forward
1 - 0% - 60%
2 - 0% - 40%
44 Defense
1 - 0% - 60%
2 - 0% - 40%
Last Minute Offensive  - 0:00
Last Minute Defensive  - 1:06
Total
Forward - 60:00
Defense - 60:00

Play by Play

1st period


0:01 of 1st period - Jordan Staal wins face-off versus Martin Hanzal in neutral zone.
0:57 of 1st period - Wrist shot by Ryan White.
0:57 of 1st period - Shot Blocked by Nick Leddy.
0:59 of 1st period - Snap shot by Ryan White.
0:59 of 1st period - Stopped by Cam Ward with a rebound.
1:01 of 1st period - Backhand shot by Adam McQuaid.
1:01 of 1st period - Deflect By Corey Tropp.
1:01 of 1st period - Shot Misses the Net.
1:01 of 1st period - Puck is out of play.
1:02 of 1st period - Kyle Brodziak wins face-off versus Trevor Lewis in Ducks zone.
1:13 of 1st period - Slapshot by Ales Hemsky.
1:13 of 1st period - Shot Misses the Net.
1:24 of 1st period - Icing by Kyle Brodziak.
1:25 of 1st period - Jordan Staal wins face-off versus Martin Hanzal in Panthers zone.
1:36 of 1st period - Rasmus Ristolainen is hit by Patrik Nemeth and loses puck.
2:11 of 1st period - Alec Martinez is hit by Jack Johnson and loses puck.
2:59 of 1st period - Minor Penalty to Jakub Kindl for Roughing.
3:00 of 1st period - Kyle Brodziak wins face-off versus David Krejci in Panthers zone.
3:00 of 1st period - Kyle Brodziak is hit by Milan Lucic.
4:59 of 1st period - Penalty to Jakub Kindl is over, Jakub Kindl is back on ice.
6:21 of 1st period - Wrist shot by Taylor Hall.
6:21 of 1st period - Shot Blocked by Rasmus Ristolainen.
6:23 of 1st period - Snap shot by Martin Hanzal.
6:23 of 1st period - Shot Misses the Net.
7:02 of 1st period - Riley Nash is hit by Martin Hanzal and loses puck.
7:17 of 1st period - Wrist shot by Ales Hemsky.
7:17 of 1st period - Stopped by Cam Ward with a rebound.
8:12 of 1st period - Deryk Engelland is hit by Alec Martinez and loses puck.
8:28 of 1st period - Off-side.
8:29 of 1st period - David Krejci wins face-off versus Kyle Brodziak in neutral zone.
8:37 of 1st period - Snap shot by Kyle Brodziak.
8:37 of 1st period - Shot Misses the Net.
8:39 of 1st period - Slapshot by Adam McQuaid.
8:39 of 1st period - Shot Misses the Net.
8:41 of 1st period - Slapshot by Josh Jooris.
8:41 of 1st period - Shot Misses the Net.
8:53 of 1st period - Nathan Beaulieu is hit by Jordan Staal and loses puck.
9:40 of 1st period - Snap shot by Riley Nash.
9:40 of 1st period - Shot Misses the Net.
9:42 of 1st period - Slapshot by Rasmus Ristolainen.
9:42 of 1st period - Shot Misses the Net.
10:44 of 1st period - Snap shot by Craig Smith.
10:44 of 1st period - Shot Misses the Net.
10:54 of 1st period - Snap shot by Riley Barber.
10:54 of 1st period - Shot Misses the Net.
10:56 of 1st period - Slapshot by Riley Barber.
10:56 of 1st period - Shot Misses the Net.
11:40 of 1st period - Snap shot by Kyle Brodziak.
11:40 of 1st period - Stopped by Cam Ward with a rebound.
11:42 of 1st period - Slapshot by Jay Bouwmeester.
11:42 of 1st period - Stopped by Cam Ward with a rebound.
12:03 of 1st period - Snap shot by J.T. Miller.
12:03 of 1st period - Stopped by Cam Ward without a rebound.
12:04 of 1st period - Jordan Staal wins face-off versus Martin Hanzal in Ducks zone.
12:31 of 1st period - Kyle Brodziak is hit by Jean-Gabriel Pageau.
12:40 of 1st period - Jean-Gabriel Pageau is hit by Josh Jooris and loses puck.
12:55 of 1st period - Snap shot by Craig Smith.
12:55 of 1st period - Stopped by Pekka Rinne without a rebound.
12:56 of 1st period - Martin Hanzal wins face-off versus Trevor Lewis in Panthers zone.
13:05 of 1st period - Slapshot by Mats Zuccarello.
13:05 of 1st period - Shot Blocked by Jonathan Ericsson.
13:07 of 1st period - Wrist shot by Martin Hanzal.
13:07 of 1st period - Stopped by Cam Ward with a rebound.
13:21 of 1st period - Patrik Laine is hit by Josh Jooris and loses puck.
13:30 of 1st period - Wrist shot by Ales Hemsky.
13:30 of 1st period - Stopped by Cam Ward without a rebound.
13:31 of 1st period - Kyle Brodziak wins face-off versus David Krejci in Ducks zone.
13:32 of 1st period - Wrist shot by Ales Hemsky.
13:32 of 1st period - Deflect By Kyle Brodziak.
13:32 of 1st period - Shot Misses the Net.
13:32 of 1st period - Puck is out of play.
13:33 of 1st period - David Krejci wins face-off versus Kyle Brodziak in Ducks zone.
13:38 of 1st period - Snap shot by Phillip Danault.
13:38 of 1st period - Deflect By David Krejci.
13:38 of 1st period - Shot Blocked by Adam McQuaid.
13:38 of 1st period - Puck is out of play.
13:39 of 1st period - David Krejci wins face-off versus Kyle Brodziak in Panthers zone.
13:52 of 1st period - Snap shot by Kyle Brodziak.
13:52 of 1st period - Shot Misses the Net.
14:04 of 1st period - Taylor Hall is hit by Patrik Laine and loses puck.
14:33 of 1st period - Snap shot by Craig Smith.
14:33 of 1st period - Stopped by Pekka Rinne with a rebound.
14:35 of 1st period - Wrist shot by Tom Wilson.
14:35 of 1st period - Shot Misses the Net.
14:37 of 1st period - Slapshot by Jack Johnson.
14:37 of 1st period - Shot Misses the Net.
15:11 of 1st period - Wrist shot by Ales Hemsky.
15:11 of 1st period - Shot Misses the Net.
15:15 of 1st period - Snap shot by Ales Hemsky.
15:15 of 1st period - Stopped by Cam Ward without a rebound.
15:16 of 1st period - Jordan Staal wins face-off versus Mats Zuccarello in Ducks zone.
15:43 of 1st period - Deryk Engelland is hit by Jay Bouwmeester and loses puck.
15:52 of 1st period - Snap shot by Andrew Ladd.
15:52 of 1st period - Stopped by Cam Ward without a rebound.
15:53 of 1st period - Kyle Brodziak wins face-off versus Jordan Staal in Ducks zone.
15:54 of 1st period - Wrist shot by Ales Hemsky.
15:54 of 1st period - Deflect By Kyle Brodziak.
15:54 of 1st period - Shot Misses the Net.
15:54 of 1st period - Puck is out of play.
15:55 of 1st period - Kyle Brodziak wins face-off versus Jordan Staal in Ducks zone.
16:27 of 1st period - Jay Bouwmeester is hit by David Krejci and loses puck.
16:48 of 1st period - Snap shot by Tom Wilson.
16:48 of 1st period - Shot Blocked by Andrew Ladd.
16:50 of 1st period - Wrist shot by Nick Leddy.
16:50 of 1st period - Deflect By Craig Smith.
16:50 of 1st period - Shot Blocked by Alec Martinez.
16:50 of 1st period - Puck is out of play.
16:51 of 1st period - Kyle Brodziak wins face-off versus Jordan Staal in Panthers zone.
16:58 of 1st period - Jordan Staal is hit by Nathan Beaulieu and loses puck.
17:44 of 1st period - Craig Smith is hit by J.T. Miller and loses puck.
19:30 of 1st period - Wrist shot by Milan Lucic.
19:30 of 1st period - Stopped by Pekka Rinne without a rebound.
19:31 of 1st period - Ryan White wins face-off versus Patrik Laine in Panthers zone.
Goals for this period are 0 for Ducks vs 0 for Panthers.
Shots for this period are 3 for Ducks vs 9 for Panthers.

2nd period


0:01 of 2nd period - Jordan Staal wins face-off versus Martin Hanzal in neutral zone.
0:04 of 2nd period - Snap shot by Milan Lucic.
0:04 of 2nd period - Stopped by Pekka Rinne with a rebound.
0:06 of 2nd period - Snap shot by Jordan Staal.
0:06 of 2nd period - Stopped by Pekka Rinne with a rebound.
0:08 of 2nd period - Wrist shot by Jordan Staal.
0:08 of 2nd period - Stopped by Pekka Rinne with a rebound.
0:10 of 2nd period - Slapshot by Rasmus Ristolainen.
0:10 of 2nd period - Stopped by Pekka Rinne with a rebound.
0:12 of 2nd period - Snap shot by Jordan Staal.
0:12 of 2nd period - Shot Blocked by Alec Martinez.
0:14 of 2nd period - Wrist shot by Milan Lucic.
0:14 of 2nd period - Stopped by Pekka Rinne without a rebound.
0:15 of 2nd period - Tomas Plekanec wins face-off versus Jordan Staal in Panthers zone.
0:15 of 2nd period - Tomas Plekanec is hit by Milan Lucic.
0:23 of 2nd period - Wrist shot by Tomas Plekanec.
0:23 of 2nd period - Stopped by Cam Ward without a rebound.
0:24 of 2nd period - Tomas Plekanec wins face-off versus Jordan Staal in Ducks zone.
0:49 of 2nd period - Snap shot by Milan Lucic.
0:49 of 2nd period - Shot Misses the Net.
0:51 of 2nd period - Wrist shot by Patrik Laine.
0:51 of 2nd period - Shot Blocked by Alec Martinez.
0:53 of 2nd period - Snap shot by Jack Johnson.
0:53 of 2nd period - Stopped by Pekka Rinne with a rebound.
0:55 of 2nd period - Slapshot by Rasmus Ristolainen.
0:55 of 2nd period - Shot Misses the Net.
1:02 of 2nd period - Snap shot by Jordan Staal.
1:02 of 2nd period - Deflect By Nathan Beaulieu.
1:02 of 2nd period - Shot Misses the Net.
1:02 of 2nd period - Puck is out of play.
1:03 of 2nd period - David Krejci wins face-off versus Martin Hanzal in Panthers zone.
1:04 of 2nd period - Snap shot by Phillip Danault.
1:04 of 2nd period - Stopped by Pekka Rinne with a rebound.
2:06 of 2nd period - Slapshot by David Krejci.
2:06 of 2nd period - Shot Misses the Net.
2:26 of 2nd period - Jack Johnson is hit by Martin Hanzal and loses puck.
3:19 of 2nd period - Riley Nash is hit by Josh Jooris.
3:29 of 2nd period - Rasmus Ristolainen is hit by Patrik Nemeth and loses puck.
3:34 of 2nd period - Wrist shot by J.T. Miller.
3:34 of 2nd period - Deflect By Tomas Plekanec.
3:34 of 2nd period - Shot Blocked by Jack Johnson.
3:34 of 2nd period - Puck is out of play.
3:35 of 2nd period - Jordan Staal wins face-off versus Martin Hanzal in Ducks zone.
3:35 of 2nd period - Jordan Staal is hit by Mats Zuccarello.
4:25 of 2nd period - Trevor Lewis is hit by Tomas Plekanec and loses puck.
4:44 of 2nd period - Wrist shot by Corey Tropp.
4:44 of 2nd period - Goal by Corey Tropp - Ducks : 0 - Panthers : 1.
4:45 of 2nd period - Martin Hanzal wins face-off versus Jordan Staal in neutral zone.
4:50 of 2nd period - Taylor Hall is hit by Milan Lucic and loses puck.
5:13 of 2nd period - Josh Jooris is hit by Jean-Gabriel Pageau and loses puck.
5:36 of 2nd period - Off-side.
5:37 of 2nd period - Martin Hanzal wins face-off versus Trevor Lewis in neutral zone.
5:56 of 2nd period - Jay Bouwmeester is hit by Craig Smith and loses puck.
6:03 of 2nd period - Snap shot by Tom Wilson.
6:03 of 2nd period - Shot Misses the Net.
6:05 of 2nd period - Snap shot by Tom Wilson.
6:05 of 2nd period - Stopped by Pekka Rinne with a rebound.
6:07 of 2nd period - Slapshot by Deryk Engelland.
6:07 of 2nd period - Shot Blocked by Mats Zuccarello.
6:09 of 2nd period - Slapshot by Deryk Engelland.
6:09 of 2nd period - Stopped by Pekka Rinne with a rebound.
6:21 of 2nd period - Snap shot by Craig Smith.
6:21 of 2nd period - Stopped by Pekka Rinne without a rebound.
6:22 of 2nd period - Jordan Staal wins face-off versus Kyle Brodziak in Panthers zone.
6:33 of 2nd period - Rasmus Ristolainen is hit by Kyle Brodziak and loses puck.
6:38 of 2nd period - Slapshot by Ales Hemsky.
6:38 of 2nd period - Stopped by Cam Ward with a rebound.
6:48 of 2nd period - Patrik Laine is hit by Devante Smith-Pelly and loses puck.
7:21 of 2nd period - Wrist shot by J.T. Miller.
7:21 of 2nd period - Stopped by Cam Ward with a rebound.
7:33 of 2nd period - Slapshot by Mike Green.
7:33 of 2nd period - Stopped by Pekka Rinne without a rebound.
7:34 of 2nd period - Riley Nash wins face-off versus Kyle Brodziak in Panthers zone.
7:59 of 2nd period - Riley Barber is hit by Josh Jooris and loses puck.
8:20 of 2nd period - Snap shot by Riley Barber.
8:20 of 2nd period - Shot Misses the Net.
8:33 of 2nd period - Snap shot by Tommy Wingels.
8:33 of 2nd period - Shot Misses the Net.
8:44 of 2nd period - Off-side.
8:45 of 2nd period - Patrik Laine wins face-off versus Martin Hanzal in neutral zone.
9:29 of 2nd period - Wrist shot by Craig Smith.
9:29 of 2nd period - Stopped by Pekka Rinne with a rebound.
9:37 of 2nd period - Devante Smith-Pelly is hit by Tom Wilson and loses puck.
10:03 of 2nd period - Deryk Engelland is hit by Mats Zuccarello and loses puck.
10:12 of 2nd period - Taylor Hall is hit by Craig Smith and loses puck.
10:31 of 2nd period - Wrist shot by Taylor Hall.
10:31 of 2nd period - Shot Hit the Post.
10:33 of 2nd period - Slapshot by Nathan Beaulieu.
10:33 of 2nd period - Shot Misses the Net.
10:41 of 2nd period - Snap shot by Craig Smith.
10:41 of 2nd period - Shot Misses the Net.
10:49 of 2nd period - Slapshot by Taylor Hall.
10:49 of 2nd period - Stopped by Cam Ward with a rebound.
12:24 of 2nd period - Snap shot by Taylor Hall.
12:24 of 2nd period - Stopped by Cam Ward with a rebound.
12:56 of 2nd period - Slapshot by Rasmus Ristolainen.
12:56 of 2nd period - Stopped by Pekka Rinne with a rebound.
13:38 of 2nd period - Snap shot by Mats Zuccarello.
13:38 of 2nd period - Stopped by Cam Ward with a rebound.
13:40 of 2nd period - Snap shot by Adam McQuaid.
13:40 of 2nd period - Shot Misses the Net.
13:42 of 2nd period - Slapshot by Nathan Beaulieu.
13:42 of 2nd period - Shot Blocked by Craig Smith.
13:44 of 2nd period - Slapshot by Nathan Beaulieu.
13:44 of 2nd period - Stopped by Cam Ward with a rebound.
13:46 of 2nd period - Slapshot by Nathan Beaulieu.
13:46 of 2nd period - Stopped by Cam Ward with a rebound.
13:48 of 2nd period - Snap shot by Adam McQuaid.
13:48 of 2nd period - Deflect By Mats Zuccarello.
13:48 of 2nd period - Stopped by Cam Ward with a rebound.
14:00 of 2nd period - Wrist shot by Taylor Hall.
14:00 of 2nd period - Deflect By Martin Hanzal.
14:00 of 2nd period - Shot Hit the Post.
14:00 of 2nd period - Puck is out of play.
14:01 of 2nd period - Jordan Staal wins face-off versus Tomas Plekanec in Ducks zone.
14:26 of 2nd period - Tomas Plekanec is hit by Nick Leddy.
14:27 of 2nd period - Icing by Tomas Plekanec.
14:28 of 2nd period - Tomas Plekanec wins face-off versus Riley Nash in Panthers zone.
14:44 of 2nd period - J.T. Miller is hit by Riley Barber and loses puck.
15:20 of 2nd period - Nick Leddy is hit by Kyle Brodziak and loses puck.
15:27 of 2nd period - Wrist shot by Kyle Brodziak.
15:27 of 2nd period - Stopped by Cam Ward with a rebound.
15:29 of 2nd period - Slapshot by Josh Jooris.
15:29 of 2nd period - Shot Blocked by Mike Green.
15:31 of 2nd period - Slapshot by Alec Martinez.
15:31 of 2nd period - Stopped by Cam Ward without a rebound.
15:32 of 2nd period - Ryan White wins face-off versus David Krejci in Ducks zone.
15:35 of 2nd period - Backhand shot by Corey Tropp.
15:35 of 2nd period - Shot Blocked by Nick Leddy.
15:43 of 2nd period - Slapshot by Corey Tropp.
15:43 of 2nd period - Shot Misses the Net.
15:45 of 2nd period - Slapshot by Jakub Kindl.
15:45 of 2nd period - Shot Blocked by Nick Leddy.
15:47 of 2nd period - Snap shot by Corey Tropp.
15:47 of 2nd period - Shot Blocked by Nick Leddy.
16:36 of 2nd period - Slapshot by Kyle Brodziak.
16:36 of 2nd period - Shot Misses the Net.
16:54 of 2nd period - Patrik Laine is hit by Jay Bouwmeester and loses puck.
17:27 of 2nd period - Mike Green is hit by Jakub Kindl and loses puck.
17:50 of 2nd period - Off-side.
17:51 of 2nd period - Tomas Plekanec wins face-off versus Riley Nash in neutral zone.
18:21 of 2nd period - Patrik Nemeth is hit by Rasmus Ristolainen and loses puck.
18:34 of 2nd period - Jean-Gabriel Pageau is hit by Alec Martinez.
18:40 of 2nd period - Jay Bouwmeester is hit by Mike Green and loses puck.
18:45 of 2nd period - Wrist shot by David Krejci.
18:45 of 2nd period - Shot Misses the Net.
18:57 of 2nd period - Devante Smith-Pelly is hit by Milan Lucic and loses puck.
19:20 of 2nd period - Ales Hemsky is hit by Patrik Laine and loses puck.
19:39 of 2nd period - Snap shot by Milan Lucic.
19:39 of 2nd period - Deflect By Patrik Laine.
19:39 of 2nd period - Shot Misses the Net.
19:39 of 2nd period - Puck is out of play.
19:40 of 2nd period - David Krejci wins face-off versus Tomas Plekanec in Panthers zone.
19:41 of 2nd period - Wrist shot by Phillip Danault.
19:41 of 2nd period - Stopped by Pekka Rinne without a rebound.
19:42 of 2nd period - David Krejci wins face-off versus Tomas Plekanec in Panthers zone.
Goals for this period are 0 for Ducks vs 1 for Panthers.
Shots for this period are 14 for Ducks vs 12 for Panthers.

3rd period


0:01 of 3rd period - Jordan Staal wins face-off versus Martin Hanzal in neutral zone.
0:04 of 3rd period - Snap shot by Mats Zuccarello.
0:04 of 3rd period - Stopped by Cam Ward with a rebound.
0:06 of 3rd period - Snap shot by Taylor Hall.
0:06 of 3rd period - Stopped by Cam Ward with a rebound.
0:08 of 3rd period - Slapshot by Nathan Beaulieu.
0:08 of 3rd period - Deflect By Taylor Hall.
0:08 of 3rd period - Stopped by Cam Ward with a rebound.
0:10 of 3rd period - Wrist shot by Martin Hanzal.
0:10 of 3rd period - Goal by Martin Hanzal - Ducks : 0 - Panthers : 2.
0:11 of 3rd period - Jordan Staal wins face-off versus Tomas Plekanec in neutral zone.
0:20 of 3rd period - Slapshot by Milan Lucic.
0:20 of 3rd period - Shot Blocked by J.T. Miller.
0:22 of 3rd period - Wrist shot by Milan Lucic.
0:22 of 3rd period - Stopped by Pekka Rinne without a rebound.
0:23 of 3rd period - Taylor Hall wins face-off versus Jordan Staal in Panthers zone.
0:30 of 3rd period - Snap shot by Mats Zuccarello.
0:30 of 3rd period - Stopped by Cam Ward with a rebound.
0:32 of 3rd period - Snap shot by Nathan Beaulieu.
0:32 of 3rd period - Deflect By Martin Hanzal.
0:32 of 3rd period - Deflect By Rasmus Ristolainen.
0:32 of 3rd period - Stopped by Cam Ward without a rebound.
0:33 of 3rd period - Martin Hanzal wins face-off versus Jordan Staal in Ducks zone.
0:46 of 3rd period - Snap shot by Taylor Hall.
0:46 of 3rd period - Shot Misses the Net.
0:48 of 3rd period - Snap shot by Nathan Beaulieu.
0:48 of 3rd period - Stopped by Cam Ward with a rebound.
1:00 of 3rd period - Wrist shot by Taylor Hall.
1:00 of 3rd period - Shot Blocked by Jordan Staal.
1:02 of 3rd period - Slapshot by Alec Martinez.
1:02 of 3rd period - Stopped by Cam Ward with a rebound.
1:04 of 3rd period - Slapshot by Alec Martinez.
1:04 of 3rd period - Stopped by Cam Ward without a rebound.
1:05 of 3rd period - Tomas Plekanec wins face-off versus Phillip Danault in Ducks zone.
1:06 of 3rd period - Slapshot by J.T. Miller.
1:06 of 3rd period - Stopped by Cam Ward without a rebound.
1:07 of 3rd period - David Krejci wins face-off versus Tomas Plekanec in Ducks zone.
1:16 of 3rd period - Wrist shot by Phillip Danault.
1:16 of 3rd period - Goal by Phillip Danault - Ducks : 1 - Panthers : 2.
1:17 of 3rd period - Tomas Plekanec wins face-off versus Jordan Staal in neutral zone.
1:26 of 3rd period - Snap shot by J.T. Miller.
1:26 of 3rd period - Shot Misses the Net.
1:28 of 3rd period - Wrist shot by Andrew Ladd.
1:28 of 3rd period - Stopped by Cam Ward with a rebound.
1:30 of 3rd period - Slapshot by Nathan Beaulieu.
1:30 of 3rd period - Stopped by Cam Ward with a rebound.
1:42 of 3rd period - Nathan Beaulieu is hit by Jean-Gabriel Pageau and loses puck.
1:47 of 3rd period - Snap shot by Phillip Danault.
1:47 of 3rd period - Shot Misses the Net.
2:12 of 3rd period - Icing by Trevor Lewis.
2:13 of 3rd period - Tomas Plekanec wins face-off versus Trevor Lewis in Ducks zone.
2:18 of 3rd period - Slapshot by Andrew Ladd.
2:18 of 3rd period - Shot Misses the Net.
2:20 of 3rd period - Wrist shot by Patrik Nemeth.
2:20 of 3rd period - Stopped by Cam Ward with a rebound.
2:22 of 3rd period - Wrist shot by Andrew Ladd.
2:22 of 3rd period - Stopped by Cam Ward without a rebound.
2:23 of 3rd period - Tomas Plekanec wins face-off versus Jordan Staal in Ducks zone.
2:28 of 3rd period - Snap shot by Andrew Ladd.
2:28 of 3rd period - Shot Misses the Net.
2:30 of 3rd period - Slapshot by J.T. Miller.
2:30 of 3rd period - Shot Misses the Net.
3:29 of 3rd period - Snap shot by J.T. Miller.
3:29 of 3rd period - Stopped by Cam Ward without a rebound.
3:30 of 3rd period - David Krejci wins face-off versus Martin Hanzal in Ducks zone.
4:02 of 3rd period - Snap shot by Ryan White.
4:02 of 3rd period - Shot Misses the Net.
4:33 of 3rd period - Snap shot by Trevor Lewis.
4:33 of 3rd period - Shot Misses the Net.
4:55 of 3rd period - Mats Zuccarello is hit by Jean-Gabriel Pageau and loses puck.
5:02 of 3rd period - David Krejci is hit by Alec Martinez and loses puck.
5:13 of 3rd period - Patrik Nemeth is hit by Mike Green and loses puck.
6:22 of 3rd period - Wrist shot by J.T. Miller.
6:22 of 3rd period - Deflect By Tommy Wingels.
6:22 of 3rd period - Stopped by Cam Ward with a rebound.
6:24 of 3rd period - Slapshot by Nathan Beaulieu.
6:24 of 3rd period - Deflect By Tomas Plekanec.
6:24 of 3rd period - Stopped by Cam Ward without a rebound.
6:25 of 3rd period - Tomas Plekanec wins face-off versus Riley Nash in Ducks zone.
6:36 of 3rd period - Wrist shot by J.T. Miller.
6:36 of 3rd period - Shot Misses the Net.
7:20 of 3rd period - Wrist shot by Ales Hemsky.
7:20 of 3rd period - Shot Misses the Net.
7:37 of 3rd period - Snap shot by Trevor Lewis.
7:37 of 3rd period - Shot Misses the Net.
8:39 of 3rd period - Kyle Brodziak is hit by Mike Green and loses puck.
8:48 of 3rd period - Snap shot by David Krejci.
8:48 of 3rd period - Stopped by Pekka Rinne with a rebound.
8:50 of 3rd period - Backhand shot by David Krejci.
8:50 of 3rd period - Stopped by Pekka Rinne with a rebound.
9:06 of 3rd period - Slapshot by Mike Green.
9:06 of 3rd period - Shot Misses the Net.
9:08 of 3rd period - Snap shot by Trevor Lewis.
9:08 of 3rd period - Deflect By Craig Smith.
9:08 of 3rd period - Stopped by Pekka Rinne without a rebound.
9:09 of 3rd period - Jordan Staal wins face-off versus Martin Hanzal in Panthers zone.
9:34 of 3rd period - Phillip Danault is hit by Tomas Plekanec and loses puck.
9:55 of 3rd period - Snap shot by Corey Tropp.
9:55 of 3rd period - Stopped by Cam Ward with a rebound.
9:57 of 3rd period - Wrist shot by Ryan White.
9:57 of 3rd period - Shot Misses the Net.
10:11 of 3rd period - Minor Penalty to Rasmus Ristolainen for Holding.
10:12 of 3rd period - Jordan Staal wins face-off versus J.T. Miller in Ducks zone.
10:12 of 3rd period - Jordan Staal is hit by Alec Martinez.
10:29 of 3rd period - Icing by J.T. Miller.
10:30 of 3rd period - Jordan Staal wins face-off versus J.T. Miller in Panthers zone.
11:13 of 3rd period - Wrist shot by Ales Hemsky.
11:13 of 3rd period - Stopped by Cam Ward without a rebound.
11:14 of 3rd period - Tomas Plekanec wins face-off versus Jordan Staal in Ducks zone.
11:29 of 3rd period - Nathan Beaulieu is hit by Tom Wilson and loses puck.
11:39 of 3rd period - Deryk Engelland is hit by Andrew Ladd and loses puck.
12:11 of 3rd period - Penalty to Rasmus Ristolainen is over, Rasmus Ristolainen is back on ice.
12:17 of 3rd period - Rasmus Ristolainen is hit by Jay Bouwmeester and loses puck.
12:36 of 3rd period - Snap shot by Ales Hemsky.
12:36 of 3rd period - Shot Misses the Net.
12:38 of 3rd period - Slapshot by Tomas Plekanec.
12:38 of 3rd period - Deflect By Andrew Ladd.
12:38 of 3rd period - Shot Blocked by Jonathan Ericsson.
12:38 of 3rd period - Puck is out of play.
12:39 of 3rd period - David Krejci wins face-off versus Martin Hanzal in Ducks zone.
12:46 of 3rd period - Snap shot by David Krejci.
12:46 of 3rd period - Shot Misses the Net.
14:10 of 3rd period - Off-side.
14:11 of 3rd period - Trevor Lewis wins face-off versus Kyle Brodziak in neutral zone.
14:38 of 3rd period - Wrist shot by Phillip Danault.
14:38 of 3rd period - Shot Misses the Net.
15:11 of 3rd period - Nathan Beaulieu is hit by Milan Lucic.
15:35 of 3rd period - Ales Hemsky is hit by Tommy Wingels and loses puck.
15:53 of 3rd period - Slapshot by Adam McQuaid.
15:53 of 3rd period - Stopped by Cam Ward with a rebound.
16:15 of 3rd period - Snap shot by Taylor Hall.
16:15 of 3rd period - Shot Blocked by Mike Green.
16:17 of 3rd period - Minor Penalty to Mike Green for Hooking.
16:18 of 3rd period - Jordan Staal wins face-off versus J.T. Miller in Ducks zone.
16:54 of 3rd period - Wrist shot by Alec Martinez.
16:54 of 3rd period - Shot Blocked by Jean-Gabriel Pageau.
16:56 of 3rd period - Snap shot by Taylor Hall.
16:56 of 3rd period - Shot Blocked by Jean-Gabriel Pageau.
16:58 of 3rd period - Slapshot by J.T. Miller.
16:58 of 3rd period - Stopped by Cam Ward with a rebound.
18:06 of 3rd period - Ales Hemsky is hit by Jean-Gabriel Pageau and loses puck.
18:17 of 3rd period - Penalty to Mike Green is over, Mike Green is back on ice.
18:31 of 3rd period - Wrist shot by Jean-Gabriel Pageau.
18:31 of 3rd period - Deflect By Mike Green.
18:31 of 3rd period - Stopped by Pekka Rinne with a rebound.
18:57 of 3rd period - Icing by Jack Johnson.
18:58 of 3rd period - Kyle Brodziak wins face-off versus Jean-Gabriel Pageau in Ducks zone.
18:59 of 3rd period - Snap shot by Mats Zuccarello.
18:59 of 3rd period - Shot Blocked by Tommy Wingels.
19:01 of 3rd period - Wrist shot by Mats Zuccarello.
19:01 of 3rd period - Shot Blocked by Tommy Wingels.
19:03 of 3rd period - Snap shot by Mats Zuccarello.
19:03 of 3rd period - Stopped by Cam Ward with a rebound.
19:05 of 3rd period - Slapshot by Nathan Beaulieu.
19:05 of 3rd period - Shot Blocked by Jean-Gabriel Pageau.
19:23 of 3rd period - Mats Zuccarello is hit by Mike Green.
19:35 of 3rd period - Slapshot by J.T. Miller.
19:35 of 3rd period - Stopped by Cam Ward without a rebound.
19:36 of 3rd period - Gerald Gallant call a timeout for Ducks.
19:36 of 3rd period - Jordan Staal wins face-off versus Kyle Brodziak in Ducks zone.
19:36 of 3rd period - Jordan Staal is hit by Nathan Beaulieu.
19:46 of 3rd period - Ducks, Cam Ward is pulled from the net.
Goals for this period are 1 for Ducks vs 1 for Panthers.
Shots for this period are 6 for Ducks vs 23 for Panthers.